 Dungeon Crawl Stone Soup version 0.24.0-1-gfbc8707122 (webtiles) character file.

Game seed: 15896009572967590534, levelgen mode: deterministic

56 LazyJones the Gusty (level 3, 0/27 HPs)
             Began as a Demigod Air Elementalist on Oct 26, 2019.
             Succumbed to an adder's poison
             ... on level 2 of the Dungeon.
             The game lasted 00:05:42 (1723 turns).

LazyJones the Gusty (Demigod Air Elementalist)      Turns: 1723, Time: 00:05:43

Health: 0/27       AC:  2    Str: 13    XL:     3   Next: 47%
Magic:  1/8        EV: 12    Int: 19    God:
Gold:   43         SH:  0    Dex: 16    Spells: 2/5 levels left

rFire    . . .     SeeInvis .   (no weapon)
rCold    . . .     Gourm    .   (no shield)
rNeg     . . .     Faith    .   a - +0 robe
rPois    .         Spirit   .   (no helmet)
rElec    .         Reflect  .   (no cloak)
rCorr    .         Harm     .   (no gloves)
MR       .....                  (no boots)
Stlth    ++........             (no amulet)
HPRegen  0.09/turn              (no ring)
MPRegen  0.11/turn              (no ring)

@: lethally poisoned (0 -> -14)
A: high mp 1
a: no special abilities


You were on level 2 of the Dungeon.
You were near starving.

You visited 1 branch of the dungeon, and saw 2 of its levels.

You collected 43 gold pieces.

Inventory:

Missiles
 d - 5 javelins (quivered)
Armour
 a - a +0 robe (worn)
Jewellery
 e - an uncursed ring of positive energy {unknown}
Scrolls
 f - a scroll of teleportation {unknown}
 g - a scroll of identify {unknown}
Comestibles
 c - 2 rations


   Skills:
 + Level 0.3 Fighting
 - Level 1.7 Dodging
 - Level 1.7 Stealth
 - Level 1.7 Spellcasting
 + Level 1.7 Conjurations
 + Level 3.8 Air Magic


You had 2 spell levels left.
You knew the following spells:

 Your Spells              Type           Power        Failure   Level  Hunger
a - Shock                 Conj/Air       ##..         5%          1    #......
b - Swiftness             Chrm/Air       #.......     12%         2    ###....

Your spell library contained the following spells:

 Spells                   Type           Power        Failure   Level  Hunger
 Static Discharge         Conj/Air       ##......     16%         3    ###....
 Airstrike                Air            ###.......   34%         4    #####..
 Lightning Bolt           Conj/Air       ##........   83%         5    ######.


Dungeon Overview and Level Annotations

Branches:
Dungeon (2/15)


Innate Abilities, Weirdness & Mutations

You have an increased reservoir of magic. (+10% MP)


Message History

Unknown command.
You miss the adder.
The adder is severely wounded.
* * * LOW HITPOINT WARNING * * *
You feel sick. The adder closely misses you.
Unknown command.
You hit the adder but do no damage.
The adder is severely wounded.
The adder bites you but does no damage.
Unknown command.
You hit the adder.
The adder is almost dead.
* * * LOW HITPOINT WARNING * * *
You feel sick. The adder bites you.
* * * LOW HITPOINT WARNING * * *
You are more poisoned.
The adder poisons you!
You hit the adder.
The adder is almost dead.
You die...

.................
###..........####
............##
#........#
######..##
#####....#
##.....#.##
###..#####.#
#@..## #.# #S###
#.# ##.# ...
##..# ...
##..##### ..
#.......#
#.......#
.........#
####......#


You could see an adder.

Vanquished Creatures
  An adder (D:2)
  An ooze (D:1)
  2 dart slugs (D:1)
  2 giant cockroaches (D:1)
  4 goblins (D:1)
  5 hobgoblins
  4 jackals (D:1)
  A ball python (D:1)
  6 bats
  5 frilled lizards (D:1)
  3 kobolds
  3 rats
37 creatures vanquished.

Notes
Turn   | Place    | Note
-------+----------+-------------------------------------------
     0 | D:1      | LazyJones the Demigod Air Elementalist began the quest for
                  | the Orb.
     0 | D:1      | Reached XP level 1. HP: 14/14 MP: 5/5
   323 | D:1      | Reached skill level 3 in Air Magic
   578 | D:1      | Reached XP level 2. HP: 20/20 MP: 4/7
   581 | D:1      | Reached skill level 1 in Conjurations
   640 | D:1      | Learned a level 2 spell: Swiftness
  1172 | D:1      | Reached XP level 3. HP: 26/26 MP: 6/8
  1722 | D:2      | HP: 1/27 [adder (2)]
  1723 | D:2      | Succumbed to an adder's poison

Levels and vault maps discovered:
D:1:      dpeg_arrival_simpleton_b, layout_rooms, minmay_pentomino_u2
D:2:      layout_rooms, chequers_ecumenical_altar_simple, feat_on_display

Skill      XL: |  1  2 |
---------------+-------+-----
Air Magic      | 3 |  3.8
Conjurations   | 1 |  1.7
Fighting       | |  0.3
Dodging        | |  1.7
Stealth        | |  1.7
Spellcasting   | |  1.7

Action                   || total
-------------------------++-------
Melee: Unarmed           ||    16
 Cast: Shock             ||    75
  Use: Scroll            ||     1
  Eat: Chunk             ||     2
Armor: Robe              ||    15
Dodge: Dodged            ||    43
